 Dungeon Crawl Stone Soup version 0.29.0-11-gd7f09526c8 (webtiles) character file.

Game seed: 274213571118526092

1036 quinnr the Destroyer (level 8, 0/44 HPs)
             Began as a Tengu Conjurer on Sept 4, 2022.
             Was a Follower of Vehumet.
             Slain by Duvessa
             ... wielding a +1 short sword of protection
              (13 damage)
             ... on level 5 of the Dungeon on Sept 5, 2022.
             The game lasted 00:18:04 (8207 turns).

quinnr the Destroyer (Tengu Conjurer)               Turns: 8207, Time: 00:18:04

Health: 0/44       AC:  6    Str:  8    XL:     8   Next: 24%
Magic:  3/14       EV: 15    Int: 21    God:    Vehumet [*.....]
Gold:   84         SH:  0    Dex: 12    Spells: 4/13 levels left

rFire   + . .      SeeInvis +   q - +10 whip "Bucejunn" {protect, Will+}
rCold   . . .      Faith    .   p - orb {*Rage}
rNeg    . . .      Spirit   .   a - +0 robe
rPois   .          Reflect  .   C - +2 hat {Stlth+}
rElec   .          Harm     .   z - +0 cloak
rCorr   .          Rampage  .   y - +0 pair of gloves
Will    +....      Rage     20% (boots unavailable)
Stlth   +++.......              (no amulet)
HPRegen 0.14/turn               v - ring of see invisible
MPRegen 0.14/turn               F - ring of protection from fire

@: flying quickly and evasively, quick
A: beak, talons 3, nimble flight
a: Renounce Religion


You were on level 5 of the Dungeon.
You worshipped Vehumet.
Vehumet was aware of your devotion.
You visited 2 branches of the dungeon, and saw 6 of its levels.

You collected 327 gold pieces.
You spent 243 gold pieces at shops.


Innate Abilities, Weirdness & Mutations

You have a beak for a mouth.
You have claws for feet.
Your magical nature lets you fly swiftly and evasively.


   Skills:
 + Level 2.0 Fighting
 + Level 3.5 Dodging
 + Level 2.2 Stealth
 + Level 3.4 Spellcasting
 + Level 9.3 Conjurations
 - Level 4.0 Earth Magic


You had 4 spell levels left.
You knew the following spells:

 Your Spells              Type           Power      Damage    Failure   Level
d - Dazzling Flash        Conj/Hex       46%        N/A       5%          3
m - Magic Dart            Conj           100%       1d8       1%          1
s - Searing Ray           Conj           84%        2d7       1%          2
w - Stone Arrow           Conj/Erth      62%        3d10      2%          3

Your spell library contained the following spells:

 Spells                   Type           Power      Damage    Failure   Level
 Shock                    Conj/Air       92%        1d8       1%          1
 Sandblast                Erth           40%        2d10      2%          1
 Passwall                 Tmut/Erth      9%         N/A       9%          2
 Ensorcelled Hibernation  Hex/Ice        6%         N/A       19%         2
 Fulminant Prism          Conj/Hex       11%        3d9       19%         4
 Iskenderun's Mystic Bla  Conj/Tloc      23%        2d6       19%         4
 Ozocubu's Armour         Ice            3%         N/A       36%         3
 Swiftness                Air            3%         N/A       36%         3
 Ozocubu's Refrigeration  Ice            1%         4d7       100%        7

Inventory:

Hand Weapons
 e - a +2 dagger of venom
 q - the +10 whip "Bucejunn" (weapon) {protect, Will+}
   (You found it on level 3 of the Dungeon)

   It grants its wielder temporary protection when it strikes (+7 to AC).
   Will:      It increases your willpower.
 w - the +4 spear "Qaatuk Hafa" {holy, rF- rCorr Dex+4}
   (You found it on level 3 of the Dungeon)

   It has been blessed by the Shining One to cause great damage to the undead
   and demons.
   Dex:       It affects your dexterity (+4).
   rF:        It makes you vulnerable to fire.
   rCorr:     It protects you from acid and corrosion.
Armour
 a - a +0 robe (worn)
 p - an orb of wrath (worn)
 y - a +0 pair of gloves (worn)
 z - a +0 cloak (worn)
 C - a +2 hat of stealth (worn)
Jewellery
 v - a ring of see invisible (left hand)
 F - a ring of protection from fire (right hand)
Scrolls
 g - a scroll of magic mapping {unknown}
 h - 5 scrolls of teleportation {@r2}
 j - a scroll of enchant weapon {unknown}
 k - a scroll of silence {unknown}
 r - 2 scrolls of poison {unknown}
 t - a scroll of immolation {unknown}
 u - a scroll of acquirement {unknown}
 A - a scroll of fear {unknown}
 B - a scroll of butterflies {unknown}
Potions
 b - a potion of magic
 c - 2 potions of might
 d - a potion of berserk rage {!q}
 f - 2 potions of heal wounds {@q2}
 i - a potion of mutation
 l - 2 potions of flight {unknown}
 m - a potion of attraction
 n - a potion of lignification
 o - a potion of curing {@q1}
 s - 3 potions of brilliance

Dungeon Overview and Level Annotations

Branches:
Dungeon (5/15)             Temple (1/1) D:4

Altars:
Ashenzari
Cheibriados
Dithmenos
Elyvilon
Fedhas
Gozag
Hepliaklqana
Makhleb
Nemelex Xobeh
Okawaru
Qazlal
Ru
Sif Muna
Trog
Uskayaw
Vehumet
Wu Jian
Xom
Yredelemnul
The Shining One

Shops:
D:3 **

Annotations:
D:5 2 runed translucent doors, Duvessa; xian's ghost, novice TrCK

.......#####...######.▒~~~~~B ~~▒
......................+S~~~$~ ~+
......................▒W~~~~~ ▒
....(...............##▒▒▒▒▒▒▒▒▒▒▒
.......###.#...#.#####.#..#.##...
..###.## #.#...#.# #......##...
..# .# #.#...#.# #.......<...
#.###.####.#...#.# #.#..#..####
#.....#......[.h@# #.#..#..####
##.####.##.....e.# #.#.......##
........##.#####.# #.####...#.#
.#.###..##.#####.#####.......###.
...###.)##.......(...######.## ##
.##..............###.# ##.###.
.##.##..##.......# #.# ##.#.#
.##.##..###.....## #.# ##.##
................# #.## ###


You could see Duvessa (berserk) and a hound.


Message History

Okay, then.
Okay, then.
Casting: Stone Arrow (dangerous; 2% risk of failure)
Confirm with . or Enter, or press ? or * to list all spells.
Casting: Dazzling Flash (dangerous; 5% risk of failure)
Press: ? - help, Dir - look around, f - activate Duvessa is dazzled.
Duvessa misses you. The hound barely misses you.
Duvessa hits you with a +1 short sword of protection!
* * * LOW HITPOINT WARNING * * *
Unknown command.
Unknown command.
The hound bites you.
* * * LOW HITPOINT WARNING * * *
Casting: Dazzling Flash (dangerous; 5% risk of failure)
Confirm with . or Enter, or press ? or * to list all spells.
You don't have enough magic to cast this spell.
You feel much better.
Duvessa rages.
The hound barely misses you.
Duvessa is no longer blind.
Duvessa barely misses you. Duvessa attacks as you move away!
Duvessa barely misses you. The hound attacks as you move away!
The hound barely misses you.
Duvessa hits you with a +1 short sword of protection!
* * * LOW HITPOINT WARNING * * *
The hound bites you.
* * * LOW HITPOINT WARNING * * *
There is a stone staircase leading up, spattered with blood here.
The hound misses you.
Duvessa hits you with a +1 short sword of protection!
You die...

Skill      XL: |  1  2  3  4  5  6  7  8 |
---------------+-------------------------+-----
Conjurations   | 6 8 9 |  9.3
Fighting       | 1 2 |  2.0
Dodging        | 3 |  3.5
Spellcasting   | 3 |  3.4
Earth Magic    | 1 4 |  4.0
Stealth        | |  2.2

Action                   |  1- 3 |  4- 6 |  7- 9 || total
-------------------------+-------+-------+-------++-------
Melee: Kick              |     5 |     1 |     2 ||     8
       Unarmed           |     1 |       |       ||     1
       Dagger            |     7 |     2 |       ||     9
       Peck              |     2 |     2 |     2 ||     6
       Whip              |       |    11 |    10 ||    21
Throw: Throwing net      |       |       |     2 ||     2
 Cast: Magic Dart        |    68 |   114 |    46 ||   228
       Searing Ray       |     2 |     9 |    13 ||    24
       Dazzling Flash    |       |     1 |     1 ||     2
       Stone Arrow       |       |       |    10 ||    10
  Use: Scroll            |       |     8 |       ||     8
       Potion            |       |       |     1 ||     1
Armor: Robe              |     1 |     5 |     7 ||    13
Dodge: Dodged            |     3 |    28 |    33 ||    64

Levels and vault maps discovered:
D:1:      onia_arrival_pentagram, layout_basic,
          shapermc_ecumenical_altar_flowoftime, minivault_5
D:2:      layout_basic, kennysheep_minor_cross, minmay_divided_ellipse,
          uniq_terence, uniq_robin
D:3:      layout_loops_corners, amcnicky_altar_gilded, serial_shops,
          nicolae_lakefront_shop, nicolae_lakefront_shop, gup_sewer_entry_bowl
D:4:      layout_loops_ring, old_standard_altar, minmay_temple_entry_fiery,
          hangedman_feature_mirror, uniq_sigmund
D:5:      layout_loops_cross, minitemple, ebering_ghost_sewer_f,
          kennysheep_generic_room_15, uniq_duvessa
Temple:   cyrus_circular_temple

Notes
Turn   | Place    | Note
-------+----------+-------------------------------------------
     0 | D:1      | quinnr the Tengu Conjurer began the quest for the Orb.
     0 | D:1      | Reached XP level 1. HP: 10/10 MP: 4/4
   264 | D:1      | Reached XP level 2. HP: 10/15 MP: 4/6
   267 | D:1      | Learned a level 2 spell: Searing Ray
   440 | D:1      | Reached skill level 6 in Conjurations
   858 | D:1      | Reached XP level 3. HP: 20/20 MP: 4/7
  1092 | D:1      | Found a faded altar of an unknown god.
  1402 | D:1      | Reached skill level 1 in Fighting
  2047 | D:2      | Reached skill level 3 in Dodging
  2160 | D:2      | Reached XP level 4. HP: 25/25 MP: 1/9
  2165 | D:2      | Noticed Robin
  2369 | D:2      | Reached skill level 3 in Spellcasting
  2444 | D:2      | Killed Robin
  2647 | D:2      | Noticed Terence
  2666 | D:2      | Killed Terence
  2667 | D:2      | Gained mutation: Your magical nature lets you fly swiftly
                  | and evasively. [Tengu growth]
  2667 | D:2      | Reached XP level 5. HP: 17/29 MP: 3/10
  3040 | D:2      | Reached skill level 7 in Conjurations
  3644 | D:3      | Identified the +10 whip "Bucejunn" {protect, Will+}
  3936 | D:3      | Identified the +4 spear "Qaatuk Hafa" {holy, rF- rCorr
                  | Dex+4}
  3954 | D:3      | Found a glowing golden altar of the Shining One.
  3958 | D:3      | Found Vuzelaj's Assorted Antiques.
  4130 | D:3      | Found Qyoxin's General Store.
  4140 | D:3      | Bought a scroll of teleportation for 39 gold pieces
  4449 | D:3      | Bought a scroll of identify for 48 gold pieces
  4449 | D:3      | Bought a scroll of identify for 48 gold pieces
  4449 | D:3      | Bought a pair of gloves for 108 gold pieces
  4916 | D:4      | Reached skill level 8 in Conjurations
  5040 | D:4      | Reached XP level 6. HP: 34/34 MP: 8/11
  5079 | D:4      | Learned a level 3 spell: Stone Arrow
  5313 | D:4      | Found a staircase to the Ecumenical Temple.
  5386 | Temple   | Entered the Ecumenical Temple
  5394 | Temple   | Became a worshipper of Vehumet
  5575 | D:4      | Noticed Sigmund
  5581 | D:4      | Learned a level 3 spell: Dazzling Flash
  5798 | D:4      | Found a bloodstained altar of Trog.
  5810 | D:4      | Killed Sigmund
  5811 | D:4      | Reached skill level 1 in Earth Magic
  6045 | D:5      | Entered Level 5 of the Dungeon
  6209 | D:5      | Noticed Duvessa
  6213 | D:4      | Reached XP level 7. HP: 34/38 MP: 9/12
  6236 | D:4      | Reached skill level 9 in Conjurations
  6236 | D:4      | Reached skill level 2 in Earth Magic
  6764 | D:5      | Found a runed translucent door.
  7091 | D:5      | Reached * piety under Vehumet
  7091 | D:5      | Offered knowledge of Shock by Vehumet.
  7092 | D:5      | Reached skill level 3 in Earth Magic
  7272 | D:5      | Reached skill level 4 in Earth Magic
  7406 | D:5      | Reached XP level 8. HP: 43/43 MP: 7/13
  7424 | D:5      | Found a runed translucent door.
  7430 | D:5      | Noticed Dowan
  7435 | D:5      | Killed Dowan
  8022 | D:5      | Found a hide-covered altar of Uskayaw.
  8029 | D:5      | Found a basalt altar of Yredelemnul.
  8029 | D:5      | Found a burning altar of Makhleb.
  8030 | D:5      | Found an opulent altar of Gozag.
  8032 | D:5      | Found a broken altar of Ashenzari.
  8078 | D:5      | Reached skill level 2 in Fighting
  8182 | D:5      | Noticed xian's ghost (novice TrCK)
  8207 | D:5      | Slain by Duvessa

Vanquished Creatures
  Sigmund (D:4)
  2 ice beasts (D:5)
  A necrophage (D:5)
  Dowan (D:5)
  3 hounds
  2 orc priests
  An iguana (D:4)
  Terence (D:2)
  3 orc wizards (D:5)
  Robin (D:2)
  9 adders
  6 gnolls
  2 worms
  5 dart slugs
  21 orcs
  5 bats
  6 endoplasms
  10 giant cockroaches
  20 goblins
  9 hobgoblins
  5 quokkas
  6 ball pythons
  4 frilled lizards
  5 kobolds
  4 rats
133 creatures vanquished.

Vanquished Creatures (others)
  A plant (D:1)
  A withered plant (D:1)
2 creatures vanquished.

Grand Total: 135 creatures vanquished

Table legend: (Time is in decaauts)
 A = Elapsed time spent in this place.
 B = Non-inter-level travel time spent in this place.
 C = Inter-level travel time spent in this place.
 D = Time resting spent in this place.
 E = Time spent auto-exploring this place.
 F = Levels seen in this place.
 G = Mean time per level.
                   A        B        C        D        E       F      G
               +--------+--------+--------+--------+--------+-----+--------+
         Total |   7960 |   7720 |    240 |   1354 |   5298 |   6 | 1326.7 |
       Dungeon |   7915 |   7684 |    231 |   1354 |   5273 |   5 | 1583.0 |
        Temple |     45 |     36 |      9 |      0 |     24 |   1 |   45.0 |
               +--------+--------+--------+--------+--------+-----+--------+

Top non-repeatable levels by time:
     D:4: 1889 daAuts
     D:1: 1762 daAuts
     D:2: 1741 daAuts
     D:5: 1346 daAuts
     D:3: 1174 daAuts
  Temple: 45 daAuts

Table legend:
 A = Non-vault XP
 B = Vault XP
 C = Vault XP percentage of total XP
 D = Non-vault monster count
 E = Vault monster count
 F = Vault count percentage of total count
                 A         B        C        D         E       F
            +---------+---------+-------+---------+---------+-------
      Total |    1036 |     444 |  30.0 |     101 |      32 |  24.1
            +---------+---------+-------+---------+---------+-------
        D:1 |      41 |      15 |  26.8 |      22 |       2 |   8.3
        D:2 |      51 |     111 |  68.5 |      15 |      23 |  60.5
        D:3 |      65 |       6 |   8.5 |      14 |       4 |  22.2
        D:4 |     222 |     239 |  51.8 |      32 |       1 |   3.0
        D:5 |     657 |      73 |  10.0 |      18 |       2 |  10.0
            +---------+---------+-------+---------+---------+-------
